 Dungeon Crawl Stone Soup version 0.15-a0-2388-g9f833ab (webtiles) character file.

58468 PolkaDot the Maledictor (level 14, -1/98 HPs)
             Began as a Vampire Enchanter on Aug 1, 2014.
             Was the Champion of Ashenzari.
             Slain by a seven-headed hydra (11 damage)
             ... on Level 8 of the Lair of Beasts on Aug 2, 2014.
             The game lasted 02:02:32 (23500 turns).

PolkaDot the Maledictor (Vampire Enchanter)        Turns: 23500, Time: 02:02:32

HP  -1/98        AC  8     Str  7      XL: 14   Next: 49%
MP  19/30        EV 14     Int 21      God: Ashenzari [******]
Gold 1535        SH  6     Dex 14      Spells:  6 memorised,  2 levels left

rFire  . . .     SeeInvis +     a - +4 dagger (curse)
rCold  + + .     Clarity  +     b - +1 robe (curse)
rNeg   + + +     rCorr    .     h - +0 buckler (curse)
rPois  +         rRot     +     (no helmet)
rElec  .         Spirit   .     K - +1 cloak (curse)
SustAb .         Warding  .     (no gloves)
rMut   .         Stasis   .     w - +2 pair of boots (curse)
Gourm  .                        n - cursed amulet of faith
MR     +....                    s - cursed ring of stealth
                                q - ring of magical power

@: bloodless, non-regenerating, studying Necromancy, somewhat resistant to
hostile enchantments, uncannily stealthy
A: bottle blood, fangs 3, see invisible, unbreathing
a: Bat Form, Bottle Blood, Scrying, Transfer Knowledge, Renounce Religion


You were on level 8 of the Lair of Beasts.
You worshipped Ashenzari.
Ashenzari was exalted by your worship.
You were bloodless.

You visited 3 branches of the dungeon, and saw 19 of its levels.
You also visited: Labyrinth and Ice Cave.

You collected 1535 gold pieces.

Inventory:

Hand weapons
 a - a cursed +4 dagger (weapon)
Missiles
 z - 2 throwing nets (quivered)
Armour
 b - a cursed +1 robe (worn)
 h - a cursed +0 buckler (worn)
 w - a cursed +2 pair of boots (worn)
 K - a cursed +1 cloak (worn)
 V - a +1 fire dragon armour
Magical devices
 j - a wand of draining (6)
 E - a wand of heal wounds (1)
 G - a wand of digging (16)
 M - a wand of paralysis (6)
 S - a wand of disintegration (8)
 X - a wand of teleportation (4)
Scrolls
 c - 3 scrolls of remove curse
 f - a scroll of fear {unknown}
 i - 2 scrolls of torment
 l - 3 scrolls of immolation
 u - 3 scrolls of recharging
 y - 5 scrolls of curse armour
 A - 3 scrolls of magic mapping
 B - 5 scrolls of enchant weapon
 C - a scroll of fog
 F - a scroll of vulnerability {unknown}
 I - a scroll of acquirement {unknown}
 R - a scroll of silence {unknown}
 U - a scroll of holy word {unknown}
Jewellery
 n - a cursed amulet of faith (around neck)
 o - a +5 ring of protection
 q - a ring of magical power (left hand)
 s - a cursed ring of stealth (right hand)
Potions
 d - 13 potions of curing
 e - 2 potions of haste
 m - 3 potions of agility
 p - 5 potions of flight
 r - 5 potions of might
 x - a potion of cancellation
 D - 2 potions of degeneration {!q}
 N - 3 potions of heal wounds
 P - a potion of brilliance
 Q - a potion of resistance
Books
 g - a book of Burglary

   Spells                             Type                      Level
   Swiftness                          Charms/Air                   2
   Passwall                           Transmutation/Earth          3
   Passage of Golubria                Translocation                4
   Lee's Rapid Deconstruction         Earth                        5
   Invisibility                       Hexes                        6
   Darkness                           Hexes                        7
 k - a book of Air

   Spells                             Type                      Level
   Shock                              Conjuration/Air              1
   Swiftness                          Charms/Air                   2
   Repel Missiles                     Charms/Air                   2
   Flight                             Charms/Air                   3
   Static Discharge                   Conjuration/Air              3
   Lightning Bolt                     Conjuration/Air              5
 L - a Grand Grimoire {highlevel}

   This book is beyond your current level of understanding.

   Spells                             Type                      Level
   Aura of Abjuration                 Summoning                    6
   Forceful Dismissal                 Summoning                    6
   Summon Greater Demon               Summoning                    7
   Malign Gateway                     Summoning/Translocation      7
   Summon Horrible Things             Summoning                    8
 T - a book of Necromancy

   Spells                             Type                      Level
   Pain                               Necromancy                   1
   Animate Skeleton                   Necromancy                   1
   Vampiric Draining                  Necromancy                   3
   Regeneration                       Charms/Necromancy            3
   Animate Dead                       Necromancy                   4
   Control Undead                     Necromancy                   4
 W - a manual of Necromancy


   Skills:
 - Level 5.4 Fighting
 - Level 12.3(16.4) Short Blades
 - Level 2.1(4.4) Dodging
 + Level 18.9(21.2) Stealth
 - Level 6.2(9.3) Shields
 * Level 2.3 Spellcasting
 + Level 21.7(23.9) Hexes
 - Level 1.1(2.9) Ice Magic


You had 2 spell levels left.
You knew the following spells:

 Your Spells              Type           Power        Failure   Level  Hunger
a - Corona                Hex            #######      0%          1    None
b - Sure Blade            Hex/Chrm       ######....   1%          2    ##.....
c - Confuse               Hex            #######.     0%          3    ###....
d - Ensorcelled Hibernat  Hex/Ice        ######       1%          2    ##.....
e - Enslavement           Hex            #######.     0%          4    ####...
s - Dazzling Spray        Conj/Hex       ######..     1%          3    ###....


Dungeon Overview and Level Annotations

Branches:
Dungeon (10/15)            Temple (1/1) D:7             Orc (0/4) D:10
   Lair (8/8) D:10         Shoals (0/5) Lair:5       Spider (0/5) Lair:4
  Slime: Lair:6-8

Altars:
Ashenzari
Cheibriados
Dithmenos
Elyvilon
Fedhas
Gozag
Kikubaaqudgha
Makhleb
Nemelex Xobeh
Okawaru
Qazlal
Sif Muna
Trog
Vehumet
Xom
Yredelemnul
Zin
The Shining One

Shops:
D:9 (

Portals:
Trove: D:10 (give +6 demon trident)

Annotations:
Lair:6 exclusion: door
Lair:8 exclusion: 3 doors


Innate Abilities, Weirdness & Mutations

You do not heal naturally.
You can bottle blood from corpses.
You have razor-sharp teeth.
You have supernaturally acute eyesight.
You can survive without breathing.


Message History

The seven-headed hydra closely misses you.
The seven-headed hydra bites you.
* * * LOW HITPOINT WARNING * * *
The seven-headed hydra barely misses you.
Drink which item? (? for menu, Esc to quit)
Okay, then.
Read which item? (? for menu, Esc to quit)
Okay, then.
Evoke which item? (* to show all) (? for menu, Esc to quit)
Okay, then.
Casting: Ensorcelled Hibernation
Confirm with . or Enter, or press ? or * to list all spells.
Aiming: Confuse
Press: ? - help, Shift-Dir - straight line, f/p - seven-headed hydra
Aim: a seven-headed hydra The seven-headed hydra resists with significant effort.
The seven-headed hydra bites you.
* * * LOW HITPOINT WARNING * * *
The seven-headed hydra bites you!
You die...

*,....,* #......##
#.......* #......#*
#......# #......#
#.....### #.....#.#
#.%@D..#* #......##
#.......##
#........##### ###
#......####..###.###
#......###P..P.#..#.
#...................
#.........♣♣......♣♣
#.......♣♣♣♣.♣..♣.♣♣


You could see a seven-headed hydra.

Vanquished Creatures
  Maud (Lair:7)
  A minotaur (Lab)
  3 hydras
  7 death yaks
  A catoblepas (Lair:6)
  A hill giant (D:10)
  A griffon (Lair:3)
  2 mermaids (Lair:5)
  24 elephants
  Joseph (D:8)
  5 black mambas
  9 spiny frogs
  A fire drake (Lair:7)
  5 komodo dragons
  A queen bee (D:10)
  A troll (D:9)
  A merfolk (Lair:5)
  A wandering mushroom (Lair:1)
  15 polar bears
  2 ravens (D:10)
  41 blink frogs
  A boulder beetle (Lair:7)
  2 trapdoor spiders (Lab)
  2 wyverns
  3 basilisks
  Eustachio (D:4)
  A hill giant skeleton (D:8)
  34 yaks
  7 hippogriffs
  2 hungry ghosts
  2 soldier ants (D:10)
  14 wolves
  10 porcupines
  4 orc warriors
  9 water moccasins
  20 ice beasts
  A swamp drake (D:10)
  4 sky beasts
  A manticore zombie (D:10)
  A spider (D:10)
  2 black bears
  4 phantoms
  5 centaurs
  5 ogres
  A yellow wasp (D:10)
  Duvessa (D:8)
  A boring beetle (Lair:4)
  9 crocodiles
  18 giant frogs
  2 big kobolds (D:10)
  2 gnoll sergeants
  A cyclops skeleton (D:8)
  3 scorpions
  A yak zombie (D:10)
  5 wights
  31 killer bees (D:10)
  A quasit (D:7)
  6 orc priests
  Dowan (D:8)
  6 crimson imps
  2 giant frog zombies
  14 hounds
  5 jellies
  A giant frog skeleton (D:7)
  2 centaur skeletons
  A goliath beetle (D:8)
  3 orange rats (Lair:7)
  10 iguanas
  9 orc wizards
  9 worker ants
  13 sheep (Lair:1)
  23 adders
  8 gnolls
  39 green rats
  An orc skeleton (D:7)
  A white imp (Lair:8)
  2 giant mites
  A worm (D:4)
  An iguana skeleton (D:4)
  3 giant geckos
  2 oozes
  42 orcs
  16 bats
  2 giant cockroaches (D:3)
  16 hobgoblins
  9 jackals
  21 kobolds
  12 quokkas
  3 ball pythons
  5 giant newts
  6 goblins
  A goblin skeleton (D:4)
  22 rats
  A rat skeleton (D:8)
  A rat zombie (D:5)
655 creatures vanquished.

Vanquished Creatures (collateral kills)
  A white draconian (IceCv)
  A hydra (Lair:2)
  A tengu warrior (D:10)
  An ice devil (Lair:8)
  2 ice statues
  An elephant (Lair:8)
  A mermaid (Lair:5)
  A fire drake (Lair:8)
  A yak (IceCv)
  A hippogriff (D:8)
  3 killer bees (D:10)
  An electric eel (Lair:1)
  A wight (D:8)
  5 gnolls
  A worm (D:5)
  An orc (D:10)
23 creatures vanquished.

Vanquished Creatures (others)
  A wolf (IceCv)
  27 fungi
  12 plants
40 creatures vanquished.

Grand Total: 718 creatures vanquished

Notes
Turn   | Place    | Note
--------------------------------------------------------------
     0 | D:1      | PolkaDot, the Vampire Enchanter, began the quest for the Orb.
     0 | D:1      | Reached XP level 1. HP: 13/13 MP: 3/3
   220 | D:1      | Reached XP level 2. HP: 8/19 MP: 0/4
   813 | D:1      | Learned a level 2 spell: Ensorcelled Hibernation
  1103 | D:1      | Found a shimmering altar of Xom.
  1103 | D:1      | Found a shimmering altar of Xom.
  1103 | D:1      | Found a shimmering altar of Xom.
  1103 | D:1      | Found a shimmering altar of Xom.
  1104 | D:1      | Found a shimmering altar of Xom.
  1239 | D:1      | Reached skill level 1 in Ice Magic
  1239 | D:1      | Reached XP level 3. HP: 17/24 MP: 0/6
  1873 | D:2      | Found a shadowy altar of Dithmenos.
  2035 | D:2      | Found a blossoming altar of Fedhas.
  2038 | D:2      | Reached skill level 5 in Stealth
  2137 | D:2      | Reached XP level 4. HP: 26/30 MP: 2/7
  2139 | D:2      | Reached skill level 5 in Hexes
  2553 | D:3      | Found a snail-covered altar of Cheibriados.
  3395 | D:4      | Noticed Eustachio
  3402 | D:4      | Killed Eustachio
  3402 | D:4      | Reached skill level 6 in Stealth
  3402 | D:4      | Reached skill level 7 in Hexes
  3402 | D:4      | Reached XP level 5. HP: 26/35 MP: 9/9
  3402 | D:4      | Reached XP level 6. HP: 30/41 MP: 10/10
  3581 | D:4      | Found a glowing silver altar of Zin.
  3583 | D:4      | Found a shimmering altar of Xom.
  3583 | D:4      | Noticed an angel
  3675 | D:4      | Got a jewelled hand axe
  3676 | D:4      | Identified the +5 hand axe "Mutir" {venom, rElec} (You found it on level 4 of the Dungeon)
  3793 | D:4      | Found a shattered altar of Ashenzari.
  3800 | D:4      | Became a worshipper of Ashenzari the Shackled
  3848 | D:4      | Reached skill level 8 in Hexes
  4262 | D:4      | Reached skill level 9 in Hexes
  4262 | D:4      | Reached XP level 7. HP: 46/46 MP: 12/12
  4563 | D:4      | Learned a level 3 spell: Confuse
  4568 | D:4      | Learned a level 4 spell: Enslavement
  4610 | D:5      | Entered Level 5 of the Dungeon
  4825 | D:5      | Found a sparkling altar of Nemelex Xobeh.
  5133 | D:5      | Reached skill level 10 in Hexes
  5168 | D:5      | Found an ancient bone altar of Kikubaaqudgha.
  5169 | D:5      | Found an opulent altar of Gozag.
  5628 | D:6      | Reached skill level 11 in Hexes
  5628 | D:6      | Reached XP level 8. HP: 52/52 MP: 13/13
  6059 | D:7      | Found a staircase to the Ecumenical Temple.
  6065 | Temple   | Entered the Ecumenical Temple
  6100 | Temple   | Acquired Ashenzari's first power
  6185 | D:7      | Reached skill level 12 in Hexes
  6203 | D:7      | Reached skill level 10 in Stealth
  6518 | D:7      | Reached skill level 13 in Hexes
  6678 | D:7      | Reached XP level 9. HP: 57/57 MP: 14/14
  7172 | D:7      | Found a shadowy altar of Dithmenos.
  7566 | D:7      | Reached skill level 14 in Hexes
  7690 | D:7      | Upgraded the game from 0.15-a0-2374-gaadabb3 to 0.15-a0-2388-g9f833ab
  7695 | D:8      | Noticed Dowan
  7696 | D:8      | Noticed Duvessa
  7697 | D:8      | Killed Dowan
  7712 | D:8      | Acquired Ashenzari's second power
  7719 | D:8      | Killed Duvessa
  8225 | D:8      | Noticed Joseph
  8241 | D:8      | Killed Joseph
  8241 | D:8      | Reached skill level 15 in Hexes
  8352 | D:8      | Found a white marble altar of Elyvilon.
  8532 | D:8      | Reached XP level 10. HP: 63/63 MP: 16/16
  8891 | D:9      | Reached skill level 16 in Hexes
  8993 | D:9      | Found Pieveoj's Weapon Emporium.
  9048 | D:9      | Acquired Ashenzari's third power
  9400 | D:10     | Entered Level 10 of the Dungeon
  9443 | D:10     | Found a portal to a secret trove of treasure.
  9806 | D:10     | Reached skill level 5 in Short Blades
 10353 | D:10     | Reached skill level 17 in Hexes
 10361 | D:10     | Noticed a hill giant
 10374 | D:10     | Killed a hill giant
 10547 | D:10     | Found a staircase to the Orcish Mines.
 10654 | D:10     | Reached XP level 11. HP: 68/68 MP: 17/17
 10724 | D:10     | Noticed a tengu warrior
 10731 | D:10     | Killed a tengu warrior
 10940 | D:10     | Found a staircase to the Lair.
 11130 | Lair:1   | Entered Level 1 of the Lair of Beasts
 11235 | Lair:1   | Reached skill level 18 in Hexes
 11251 | Lair:1   | Learned a level 3 spell: Dazzling Spray
 11356 | Lair:1   | Reached skill level 15 in Stealth
 11866 | Lair:1   | Reached skill level 19 in Hexes
 12047 | Lair:1   | Reached XP level 12. HP: 74/74 MP: 18/18
 12827 | Lair:2   | Learned a level 2 spell: Sure Blade
 12873 | Lair:2   | Acquired Ashenzari's fourth power
 12952 | Lair:2   | Reached skill level 20 in Hexes
 13267 | Lair:2   | Noticed a six-headed hydra
 13271 | Lair:2   | Noticed a four-headed hydra
 13277 | Lair:2   | Killed a four-headed hydra
 13277 | Lair:2   | Reached skill level 1 in Shields
 13293 | Lair:2   | Killed a six-headed hydra
 14048 | Lair:3   | Reached skill level 5 in Shields
 14625 | Lair:3   | Reached XP level 13. HP: 38/79 MP: 8/19
 14688 | Lair:3   | Reached skill level 10 in Short Blades
 15568 | Lair:4   | Found a hole to the Spider Nest.
 16614 | Lair:5   | Found a staircase to the Shoals.
 16652 | Lair:5   | Found a frozen archway.
 16684 | IceCv    | Entered an ice cave
 17280 | IceCv    | Noticed a white draconian
 17301 | IceCv    | Killed a white draconian
 18389 | Lair:5   | Reached skill level 21 in Hexes
 19033 | Lair:6   | Identified the +2 chain mail of Gehenna {rPois MR+ Dex-1 SInv Stlth+}
 19371 | Lair:6   | Reached skill level 1 in Fighting
 19528 | Lair:6   | Reached XP level 14. HP: 65/88 MP: 12/20
 21954 | Lair:7   | Noticed Maud
 21995 | Lair:7   | Killed Maud
 22205 | Lair:8   | Entered Level 8 of the Lair of Beasts
 22236 | Lair:8   | Found a labyrinth entrance.
 22245 | Lab      | Entered a labyrinth
 22514 | Lair:8   | Reached skill level 5 in Fighting
 23500 | Lair:8   | Slain by a seven-headed hydra

Action                   |  1- 3 |  4- 6 |  7- 9 | 10-12 | 13-15 || total
-------------------------+-------+-------+-------+-------+-------++-------
Melee: Dagger            |    99 |    83 |   246 |   403 |   349 ||  1180
 Cast: Corona            |     7 |     1 |       |     8 |     3 ||    19
       Ensorcelled Hiber |    13 |    46 |    64 |   148 |   191 ||   462
       Enslavement       |       |       |     4 |    25 |    39 ||    68
       Confuse           |       |       |    17 |    38 |    33 ||    88
       Dazzling Spray    |       |       |       |    39 |    42 ||    81
 Abil: End Transformatio |       |       |       |       |     6 ||     6
       Bat Form          |       |       |       |       |     6 ||     6
Evoke: Wand              |       |       |     3 |     6 |    11 ||    20
  Use: Potion            |     3 |     1 |     1 |     7 |     2 ||    14
       Scroll            |       |       |    17 |    19 |     5 ||    41
 Stab: Sleeping          |    16 |    38 |    95 |   155 |   172 ||   476
       Distracted        |       |       |     5 |     9 |     5 ||    19
       Confused          |       |       |    18 |    30 |    10 ||    58
       Betrayed ally     |       |       |       |     2 |     5 ||     7
       Invisible         |       |       |       |    20 |    15 ||    35
  Eat: Corpse            |       |       |     1 |       |       ||     1
